Map: Cactus Valley LE (Void)

Players

Bop - Winner!

  • Race: Zerg Zerg

Gyoza

  • Race: Zerg Zerg

VOD

Have the link to the VOD?

Description

Time

  • Played on: May 3, 2015, 5:34 a.m.
  • Length: 7:27
Show
View Real Time Build Order
Export as new Build Order

Bop Zerg - Winner!

Build Orders: Hatch First, Lurkers 

Get SALT Encoding   

  12  0:00  Drone  
  13  0:12  Overlord  
  13  0:19  Drone  
  14  0:31  Drone x2  
  14  0:35  Drone  
  17  0:48  Drone  
  18  0:58  Hatchery  
  18  1:02  Drone  
  18  1:09  Extractor  
  17  1:16  Drone, Spawning Pool  
  17  1:29  Drone x2  
  19  1:39  Drone  
  20  2:02  Queen  
  22  2:09  Queen  
  22  2:11  Metabolic Boost  
  22  2:12  Zergling x4  
  22  2:14  Overlord  
  26  2:18  Drone  
  27  2:23  Drone  
  28  2:39  Baneling Nest  
  28  2:42  Drone x3  
  28  2:43  Drone  
  31  2:48  Zergling x2  
  32  2:52  Queen  
  32  2:55  Overlord  
  34  3:09  Drone x2, Spine Crawler  
  34  3:12  Lair  
  35  3:20  Zergling x2  
  35  3:21  Drone x3  
  35  3:25  Drone  
  40  3:30  Drone x2  
  40  3:31  Drone  
  43  3:39  Overlord  
  42  3:43  Baneling x2  
  42  3:44  Drone x2  
  42  3:48  Extractor  
  42  3:49  Extractor  
  40  3:56  Zergling x8  
  44  4:10  Drone x7  
  44  4:15  Hydralisk Den  
  50  4:20  Overlord  
  50  4:25  Overseer  
  50  4:26  Overlord  
  50  4:29  Overlord  
  50  4:34  Overlord  
  50  4:35  Lurker Den  
  50  4:37  Drone x2  
  53  4:38  Drone  
  53  4:52  Drone x4  
  57  4:54  Drone, Extractor  
  57  5:09  Hydralisk  
  57  5:10  Evolution Chamber, Hydralisk x3  
  64  5:18  Overseer  
  64  5:27  Hydralisk  
  64  5:28  Hydralisk x3  
  72  5:46  Overlord x2  
  68  6:02  Lurker x3  
  68  6:03  Lurker  
  72  6:04  Zergling x4  
  72  6:05  Zergling x14  
  72  6:10  Hatchery  
  80  6:14  Drone  
  80  6:15  Drone  
  80  6:16  Infestation Pit  
  81  6:31  Zergling x4  
  81  6:32  Overlord  
  83  6:37  Overlord  
  83  6:49  Hydralisk x8  
Show
View Real Time Build Order
Export as new Build Order

Gyoza Zerg 

Build Orders: Hatch First 

Get SALT Encoding   

  12  0:01  Drone  
  13  0:12  Overlord  
  13  0:17  Drone  
  14  0:31  Drone x2  
  14  0:35  Drone  
  17  0:45  Drone  
  18  0:58  Hatchery  
  18  0:59  Drone  
  18  1:14  Spawning Pool  
  18  1:16  Extractor  
  16  1:18  Drone  
  16  1:20  Drone  
  18  1:33  Drone  
  18  1:39  Overlord  
  19  1:54  Drone  
  20  2:01  Queen  
  22  2:02  Zergling x2  
  23  2:11  Zergling x2  
  23  2:14  Zergling x2  
  25  2:15  Queen  
  25  2:17  Metabolic Boost  
  27  2:33  Drone x4  
  31  2:55  Drone x4  
  31  2:57  Extractor  
  34  3:00  Extractor  
  33  3:09  Roach Warren  
  33  3:11  Overlord  
  32  3:21  Drone x4  
  36  3:29  Overlord  
  36  3:30  Overlord x2  
  36  3:40  Drone  
  35  3:42  Drone  
  35  3:45  Drone  
  37  4:02  Roach  
  37  4:04  Roach x2  
  37  4:05  Roach x2  
  45  4:13  Drone  
  45  4:14  Drone x3  
  49  4:29  Drone  
  49  4:30  Drone x5  
  55  4:55  Lair  
  55  5:00  Zergling x8  
  59  5:09  Evolution Chamber  
  59  5:10  Evolution Chamber, Hatchery  
  59  5:12  Drone x3  
  56  5:56  Roach  
  67  5:57  Roach x6  
  67  6:04  Overlord x2  
  67  6:05  Overlord  
  67  6:07  Glial Reconstitution  
  67  6:14  Drone, Hydralisk Den  
  67  6:15  Overlord x3  
  67  6:32  Overseer x2  
  67  6:38  Drone x4  
  67  6:39  Drone x7  
  72  7:05  Roach x8  
Tags
 
Add a new tag
Caveats
  • Supply blocks, unpowered buildings, or Contaminate may cause inaccurate times.
  • Supply counts are checked every 10 seconds.